 Dungeon Crawl Stone Soup version 0.18.1-5-g4a78601 (webtiles) character file.

6183 lightmor the Severer (level 10, 0/88 HPs)
             Began as a Minotaur Berserker on May 14, 2016.
             Was a High Priest of Trog.
             Slain by an orc warrior
             ... wielding a +2 long sword of flaming
              (22 damage)
             ... in a volcano.
             The game lasted 00:19:23 (8669 turns).

lightmor the Severer (Minotaur Berserker)           Turns: 8669, Time: 00:19:24

Health: 0/88       AC:  6    Str: 31    XL:     10   Next: 60%
Magic:  9/9        EV: 22    Int:  4    God:    Trog [*****.]
Gold:   401        SH:  0    Dex: 18    Spells: 0 memorised, 9 levels left

rFire  . . .     SeeInvis .     T - +1 war axe (flame)
rCold  . . .     Gourm    .     x - +0 robe
rNeg   . . .     Faith    .     (no shield)
rPois  .         Spirit   .     (helmet restricted)
rElec  .         Dismiss  .     S - +0 cloak {+Inv}
rCorr  .         Reflect  .     J - +0 pair of gloves
SustAt .         Harm     .     d - +0 pair of boots
MR     ++...                    r - amulet of regeneration
Stlth  +++.......               I - +4 ring of dexterity
                                M - +5 ring of strength

@: agile, exhausted, regenerating, slowed, very slow, very resistant to hostile
enchantments, fairly stealthy
A: retaliatory headbutt, horns 2
a: Berserk, Trog's Hand, Brothers in Arms, Burn Spellbooks, Renounce Religion,
Evoke Invisibility


You were in a volcano.
You worshipped Trog.
Trog was extremely pleased with you.
You were not hungry.

You visited 2 branches of the dungeon, and saw 10 of its levels.
You also visited: Sewer and Volcano.

You collected 401 gold pieces.

Inventory:

Hand Weapons
 f - a +0 hand axe
 l - a +1 war axe of flaming
 u - a +0 hand axe of flaming
 v - a +1 war axe
 T - a +1 war axe of flaming (weapon)
Armour
 b - a +0 animal skin
 d - a +0 pair of boots (worn)
 x - a +0 robe (worn)
 J - a +0 pair of gloves (worn)
 S - a +0 cloak of invisibility (worn)
Jewellery
 r - an amulet of regeneration (around neck)
 F - an uncursed ring of protection from magic
 I - a +4 ring of dexterity (right hand)
 M - a +5 ring of strength (left hand)
 P - an uncursed ring of protection from cold
Wands
 k - a wand of lightning (0/15)
 y - a wand of flame (20/48)
 H - a wand of flame (18/48)
 Q - a wand of flame (13/48)
Scrolls
 e - a scroll of fear
 i - 4 scrolls of remove curse
 p - 6 scrolls of teleportation
 s - a scroll of blinking {unknown}
 t - 2 scrolls of fog {unknown}
 z - a scroll of magic mapping
 G - a scroll of brand weapon {unknown}
 K - a scroll of enchant armour {unknown}
 L - a scroll of enchant weapon
 R - a scroll of identify
Potions
 g - a potion of berserk rage
 j - a potion of curing
 n - 2 potions of mutation {unknown}
 q - 2 potions of agility
 w - a potion of haste {unknown}
 A - 2 potions of flight {unknown}
 D - 2 potions of magic {unknown}
 E - a potion of brilliance {unknown}
 O - 2 potions of cancellation {unknown}
Books
 N - a book of the Dragon

   Spells                             Type                      Level
   a - Flame Tongue                   Conjuration/Fire             1
   b - Cause Fear                     Hexes                        4
   c - Bolt of Fire                   Conjuration/Fire             6
   d - Dragon Form                    Transmutation                7
   e - Dragon's Call                  Summoning                    9
   Trog disapproves of the use of such an item.
Miscellaneous
 a - a fan of gales
Comestibles
 c - 5 bread rations
 h - 7 beef jerkies
 m - 7 fruits
 o - 9 slices of pizza
 B - 2 meat rations
 C - 2 chunks of flesh


   Skills:
 + Level 8.1 Fighting
 - Level 15.9 Axes
 + Level 7.8 Armour
 + Level 7.1 Dodging


You had 9 spell levels left.
You didn't know any spells.

Dungeon Overview and Level Annotations

Branches:
Dungeon (9/15)             Temple (0/1) D:4            Lair (1/8) D:9
    Orc: D:9-12

Altars:
Elyvilon
Fedhas
Gozag
Okawaru
Pakellas
Qazlal
Ru
Xom
Yredelemnul
The Shining One


Innate Abilities, Weirdness & Mutations

You reflexively headbutt those who attack you in melee.
You have a pair of horns on your head.


Message History

You feel agile all of a sudden. The orc warrior closely misses you.
The orc warrior hits you with a great sword of flaming!
The orc warrior burns you.
Your skin crawls.
You feel resistant to hostile enchantments.
You feel slightly more hungry. The orc warrior misses you.
You furiously retaliate!
You headbutt the orc warrior! The orc warrior completely misses you.
The orc warrior barely misses you. You furiously retaliate!
You headbutt the orc warrior, but do no damage.
You hit the orc warrior but do no damage.
You headbutt the orc warrior.
The orc warrior is severely wounded.
You miss the orc warrior.
The orc warrior hits you with a great sword of flaming!!
The orc warrior burns you!
* * * LOW HITPOINT WARNING * * *
The orc warrior hits you with a long sword of flaming!!
You die...

#### #... ##...
#....## #...oo##
#### #@.##
####..# ##..##
##...... ##..##
###.....≈≈
##.[###8.....≈§§
#∩['.......≈≈≈≈
#..###8....≈≈≈≈
#..## ##...≈≈≈§§
#..## #...§§≈≈§
#..# ...S≈≈≈≈≈


You could see 2 orc warriors.

Vanquished Creatures
  A hydra (Lair:1)
  Pikel (D:8)
  Maurice (D:9)
  Joseph (D:8)
  Prince Ribbit (D:5)
  A human (D:7)
  A hippogriff (Lair:1)
  A water moccasin (D:6)
  2 sky beasts
  2 orc warriors (Volcano)
  A black bear (D:6)
  2 slaves (D:8)
  4 ogres
  2 phantoms (D:6)
  2 centaurs
  A big kobold (D:9)
  3 giant frogs
  3 gnoll sergeants
  3 scorpions
  A howler monkey (D:4)
  3 crimson imps
  3 lava snakes (Volcano)
  9 hounds
  A gnoll shaman (D:7)
  An orc priest (D:6)
  3 orc wizards
  6 iguanas
  5 worker ants
  4 sheep (D:7)
  2 hound zombies (D:7)
  A hound skeleton (D:6)
  Robin (D:3)
  16 gnolls
  A howler monkey skeleton (D:7)
  8 adders
  6 river rats (Sewer)
  3 oozes
  An adder skeleton (D:7)
  3 worms
  5 dart slugs
  5 giant geckos
  26 orcs
  3 ball pythons (Sewer)
  4 giant cockroaches
  16 goblins
  8 hobgoblins
  4 jackals
  11 kobolds
  3 quokkas
  12 bats
  15 giant newts
  A jackal zombie (D:9)
  16 rats
  8 fungi (D:9)
  7 plants (D:9)
255 creatures vanquished.

Vanquished Creatures (others)
  The ghost of pipel the Firebug, a novice DEFE of Sif Muna (D:7)
  A centaur (D:8)
  A giant frog (D:8)
  An orc (D:4)
  2 jackals (D:8)
  2 quokkas (D:4)
  4 toadstools (D:1)
12 creatures vanquished.

Grand Total: 267 creatures vanquished

Notes
Turn   | Place    | Note
--------------------------------------------------------------
     0 | D:1      | lightmor the Minotaur Berserker began the quest for the Orb.
     0 | D:1      | Reached XP level 1. HP: 19/19 MP: 0/0
   164 | D:1      | Reached skill level 4 in Axes
   335 | D:1      | Reached XP level 2. HP: 26/26 MP: 1/1
   602 | D:1      | Reached skill level 5 in Axes
   681 | D:1      | Reached XP level 3. HP: 31/31 MP: 2/2
   788 | D:1      | Reached ** piety under Trog
  1264 | D:2      | Found a sacrificial altar of Ru.
  1585 | D:2      | Reached XP level 4. HP: 35/39 MP: 3/3
  1712 | D:3      | Noticed Robin
  1720 | D:3      | Killed Robin
  1720 | D:3      | Reached skill level 6 in Axes
  1959 | D:3      | Found an opulent altar of Gozag.
  2022 | D:3      | Found a glowing golden altar of the Shining One.
  2246 | D:3      | Reached *** piety under Trog
  2623 | D:4      | Reached skill level 7 in Axes
  2623 | D:4      | Reached XP level 5. HP: 37/45 MP: 4/4
  2740 | D:4      | Reached skill level 8 in Axes
  2740 | D:4      | Reached XP level 6. HP: 6/51 MP: 5/5
  3015 | D:4      | Reached skill level 15 in Axes
  3015 | D:4      | Reached XP level 7. HP: 57/57 MP: 6/6
  3028 | D:4      | Got a jewelled ring mail
  3039 | D:4      | Identified the +3 ring mail "Ahetseg" {Str-5 Int+7 Dex+5} (You found it on level 4 of the Dungeon)
  3088 | D:4      | Found a shimmering altar of Xom.
  3258 | D:4      | Found a staircase to the Ecumenical Temple.
  3462 | D:5      | Entered Level 5 of the Dungeon
  3469 | D:5      | Noticed Prince Ribbit
  3482 | D:5      | HP: 1/87 [Prince Ribbit (16)]
  3920 | D:5      | Killed Prince Ribbit
  3955 | D:5      | Found an oddly glowing altar of Pakellas.
  4298 | D:6      | Reached **** piety under Trog
  4298 | D:6      | Reached XP level 8. HP: 66/66 MP: 7/7
  4393 | D:6      | Found a glowing drain.
  4399 | Sewer    | Entered a sewer
  4997 | D:6      | Reached ***** piety under Trog
  5005 | D:6      | Reached skill level 5 in Fighting
  5206 | D:6      | Reached XP level 9. HP: 70/74 MP: 8/8
  5421 | D:7      | Noticed pipel's ghost (novice DEFE)
  5432 | D:7      | Killed pipel's ghost
  5432 | D:7      | Reached skill level 5 in Armour
  5486 | D:7      | Reached skill level 5 in Dodging
  6080 | D:8      | Noticed Pikel
  6090 | D:8      | Killed Pikel
  6138 | D:8      | Found a blossoming altar of Fedhas.
  6142 | D:8      | Found a stormy altar of Qazlal.
  6256 | D:8      | Received a gift from Trog
  6760 | D:8      | Found a basalt altar of Yredelemnul.
  6795 | D:8      | Noticed Joseph
  6809 | D:8      | Killed Joseph
  6809 | D:8      | Reached XP level 10. HP: 33/86 MP: 9/9
  7160 | D:8      | Found a white marble altar of Elyvilon.
  7438 | D:9      | Found a staircase to the Lair.
  7588 | D:9      | Noticed Maurice
  7928 | D:9      | Killed Maurice
  8019 | D:9      | Found an iron altar of Okawaru.
  8394 | Lair:1   | Entered Level 1 of the Lair of Beasts
  8409 | Lair:1   | Noticed a five-headed hydra
  8418 | Lair:1   | Killed a one-headed hydra
  8443 | Lair:1   | Found a dark tunnel.
  8451 | Volcano  | Entered a volcano
  8669 | Volcano  | Slain by an orc warrior

Skill      XL: |  1  2  3  4  5  6  7  8  9 10 |
---------------+-------------------------------+-----
Axes           | 4 5 7 8 15 | 15.9
Fighting       | 4 5 7 8 |  8.1
Armour         | 3 4 7 |  7.8
Dodging        | 3 4 6 7 |  7.1

Action                   |  1- 3 |  4- 6 |  7- 9 | 10-12 || total
-------------------------+-------+-------+-------+-------++-------
Melee: Hand axe          |    89 |    30 |       |    11 ||   130
       Headbutt          |    11 |     6 |    63 |    38 ||   118
       War axe           |       |    43 |   287 |   121 ||   451
Invok: Berserk           |       |     2 |     8 |     6 ||    16
       Trog's Hand       |       |       |     1 |     1 ||     2
       Burn Spellbooks   |       |       |       |     1 ||     1
Evoke: Wand              |       |       |       |     3 ||     3
  Use: Scroll            |       |     8 |     7 |     1 ||    16
       Potion            |       |     1 |     2 |     3 ||     6
 Stab: Sleeping          |       |       |     2 |       ||     2
  Eat: Chunk             |     2 |     7 |    19 |     9 ||    37
       Meat ration       |       |       |       |     1 ||     1
       Royal jelly       |       |       |       |     1 ||     1
Armor: Animal skin       |    21 |    14 |       |       ||    35
       Robe              |       |       |    27 |     6 ||    33
       Ring mail         |       |       |     3 |       ||     3
Dodge: Dodged            |    57 |    69 |   155 |    44 ||   325
